 Dungeon Crawl Stone Soup version 0.28-a0-245-g639a1a48b9 (webtiles) character file.

Game seed: 6901425996123362670

12443 frimble the Quickloader (level 11, -2/84 HPs)
             Began as a Gnoll Wanderer on Aug 25, 2021.
             Was a Priest of Cheibriados.
             Slain by Jorgrun (13 damage)
             ... on level 12 of the Dungeon.
             The game lasted 00:22:56 (10936 turns).

frimble the Quickloader (Gnoll Wanderer)           Turns: 10936, Time: 00:22:56

Health: -2/84      AC: 16    Str: 26    XL:     11   Next: 93%
Magic:  21/21      EV: 12    Int: 19    God:    Cheibriados [***...]
Gold:   802        SH: 10    Dex: 21    Spells: 21/23 levels left

rFire   . . .      SeeInvis .   a - +1 long sword (vorpal)
rCold   . . .      Faith    .   n - +3 buckler of Ejapue {rElec Regen+ Str+6 Int-5}
rNeg    . . .      Spirit   .   O - +1 chain mail of Haunted the Good {+Blink Regen+}
rPois   +          Reflect  .   (no helmet)
rElec   +          Harm     .   (no cloak)
rCorr   .          Rampage  .   q - +2 pair of gloves {Dex+3}
Will    +....                   t - +0 pair of boots
Stlth   +.........              e - amulet of regeneration
HPRegen 3.24/turn               E - ring of willpower
MPRegen 0.17/turn               y - ring of poison resistance

@: mighty, attractive, flying, very slow
A: fangs 1, strong nose, distributed training
a: Renounce Religion, Evoke Blink, Bend Time, Temporal Distortion


You were on level 12 of the Dungeon.
You worshipped Cheibriados.
Cheibriados was most pleased with you.
You visited 2 branches of the dungeon, and saw 13 of its levels.
You also visited: Bailey.

You collected 952 gold pieces.
You spent 150 gold pieces at shops.

Inventory:

Hand Weapons
 a - a +1 vorpal long sword (weapon)
 b - a +0 hand crossbow
 k - a +0 scimitar of holy wrath
 s - a +0 whip of venom
Missiles
 c - 3 javelins
 f - 69 poisoned darts (quivered)
 l - 44 bolts
 r - 6 throwing nets
Armour
 n - the +3 buckler of Ejapue (worn) {rElec Regen+ Str+6 Int-5}
   (You acquired it on level 2 of the Dungeon)

   Str:       It affects your strength (+6).
   Int:       It affects your intelligence (-5).
   rElec:     It insulates you from electricity.
   Regen:     It increases your rate of health regeneration.
 q - a +2 pair of gloves of dexterity (worn)
 t - a +0 pair of boots (worn)
 O - the +1 chain mail of Haunted the Good (worn) {+Blink Regen+}
   (You found it in a bailey)

   +Blink:    It lets you blink.
   Regen:     It increases your rate of health regeneration.
Jewellery
 e - an amulet of regeneration (around neck)
 y - a ring of poison resistance (right hand)
 E - a ring of willpower (left hand)
Wands
 z - a wand of paralysis (1)
 D - a wand of acid (1)
 I - a wand of iceblast (6)
 J - a wand of flame (19)
 L - a wand of digging (6)
 M - a wand of charming (9)
 P - a wand of polymorph (9)
Scrolls
 g - 3 scrolls of magic mapping
 p - 4 scrolls of fog
 u - 2 scrolls of identify
 v - a scroll of enchant weapon
 x - 2 scrolls of teleportation
 F - 4 scrolls of fear
 G - a scroll of blinking
 H - 3 scrolls of amnesia
 N - a scroll of brand weapon
 Q - a scroll of enchant armour {unknown}
Potions
 d - a potion of flight
 h - 2 potions of lignification
 i - 6 potions of curing
 j - a potion of mutation
 m - a potion of might
 o - a potion of attraction
 w - 3 potions of brilliance
 A - 3 potions of heal wounds
 B - a potion of magic
 C - a potion of invisibility
 K - a potion of resistance


   Skills:
 + Level 7.3 Fighting
 + Level 6.7 Short Blades
 + Level 6.7 Long Blades
 + Level 6.7 Axes
 + Level 6.7 Maces & Flails
 + Level 6.7 Polearms
 + Level 6.7 Staves
 + Level 6.7 Slings
 + Level 6.7 Bows
 + Level 10.8 Crossbows
 + Level 7.3 Throwing
 + Level 6.7 Armour
 + Level 6.7 Dodging
 + Level 7.2 Stealth
 + Level 6.7 Shields
 + Level 6.7 Unarmed Combat
 + Level 6.7 Spellcasting
 + Level 5.6 Conjurations
 + Level 5.6 Hexes
 + Level 6.0 Summonings
 + Level 5.6 Necromancy
 + Level 5.6 Translocations
 + Level 6.9 Transmutations
 + Level 5.6 Fire Magic
 + Level 5.6 Ice Magic
 + Level 5.6 Air Magic
 + Level 5.6 Earth Magic
 + Level 5.6 Poison Magic
 + Level 7.4 Invocations
 + Level 6.7 Evocations


You had 21 spell levels left.
You knew the following spells:

 Your Spells              Type           Power      Damage    Failure   Level
a - Passwall              Tmut/Erth      25%        N/A       7%          2

Your spell library contained the following spells:

 Spells                   Type           Power      Damage    Failure   Level
 Summon Small Mammal      Summ           100%       N/A       4%          1
 Animate Skeleton         Necr           54%        N/A       6%          1
 Corona                   Hex            30%        N/A       6%          1
 Pain                     Necr           100%       1d9       6%          1
 Sandblast                Erth           54%        2d13      6%          1
 Shock                    Conj/Air       100%       1d9       6%          1
 Corpse Rot               Necr/Air       N/A        N/A       9%          2
 Ensorcelled Hibernation  Hex/Ice        54%        N/A       9%          2
 Static Discharge         Conj/Air       27%        N/A       9%          2
 Summon Guardian Golem    Hex/Summ       28%        N/A       16%         3
 Stone Arrow              Conj/Erth      54%        3d10      17%         3
 Swiftness                Air            27%        N/A       17%         3
 Tukima's Dance           Hex            27%        N/A       17%         3
 Vampiric Draining        Necr           13%        2d7       17%         3
 Petrify                  Tmut/Erth      30%        N/A       41%         4
 Summon Lightning Spire   Summ/Air       28%        N/A       45%         4
 Airstrike                Air            13%        N/A       50%         4
 Dispel Undead            Necr           27%        3d13      50%         4
 Fulminant Prism          Conj/Hex       13%        3d9       50%         4
 Iskenderun's Mystic Bla  Conj/Tloc      27%        2d7       50%         4
 Sticky Flame             Conj/Fire      27%        2d5       50%         4
 Summon Forest            Summ/Tloc      14%        N/A       82%         5
 Lee's Rapid Deconstruct  Erth           13%        3d10*     85%         5
 Lightning Bolt           Conj/Air       13%        1d27      85%         5
 Metabolic Englaciation   Hex/Ice        13%        N/A       85%         5
 Death Channel            Necr           13%        N/A       100%        6
 Eringya's Noxious Bog    Tmut/Pois      15%        N/A       100%        6
 Statue Form              Tmut/Erth      20%        N/A       100%        6
 Storm Form               Tmut/Air       15%        N/A       100%        7
 Summon Hydra             Summ           14%        N/A       100%        7
 Maxwell's Capacitive Co  Air            13%        ∞         100%        8


Dungeon Overview and Level Annotations

Branches:
Dungeon (12/15)            Temple (1/1) D:4            Lair (0/6) D:10
    Orc (0/2) D:12         Bailey (visited)

Altars:
Ashenzari
Cheibriados
Dithmenos
Elyvilon
Fedhas
Gozag
Hepliaklqana
Kikubaaqudgha
Makhleb
Nemelex Xobeh
Okawaru
Qazlal
Ru
Sif Muna
Trog
Uskayaw
Vehumet
Wu Jian
Xom
Yredelemnul
Zin
The Shining One

Shops:
D:1 [   D:7 *

Annotations:
D:4 diggie
D:7 3 runed translucent doors, thedisplayname's ghost, novice DrTm
D:10 1 exclusion
D:12 Jorgrun


Innate Abilities, Weirdness & Mutations

You have very sharp teeth.
Your uncanny sense of smell can sniff out nearby items.
Your experience applies equally to all skills.


Message History

Jorgrun gestures at you while chanting.
The wall shatters!
The blast of rock fragments hits you but does no damage.
The grasping roots constrict you!
You hit Jorgrun.
Jorgrun is moderately wounded.
Jorgrun gestures at you while chanting.
The wall shatters!
The blast of rock fragments hits you but does no damage.
The grasping roots constrict you.
You slash Jorgrun! You bite Jorgrun!
Jorgrun is heavily wounded.
You block Jorgrun's attack. The grasping roots constrict you!
You completely miss Jorgrun.
Jorgrun is heavily wounded.
Jorgrun points at you and mumbles some strange words.
The wall shatters!
The blast of rock fragments hits you but does no damage.
The grasping roots constrict you.
You slice Jorgrun!! You bite Jorgrun!
Jorgrun is severely wounded.
Jorgrun gestures at you while chanting.
The wall shatters!
The blast of rock fragments hits you!! The grasping roots constrict you.
* * * LOW HITPOINT WARNING * * *
You escape the roots' grasp.
Jorgrun barely misses you.
Jorgrun drinks a potion.
Jorgrun is healed!
You barely miss Jorgrun.
Jorgrun is severely wounded.
Jorgrun points at you and mumbles some strange words.
You resist with some effort.
You hit Jorgrun. Your bite misses Jorgrun.
Jorgrun is severely wounded.
Jorgrun points at you and mumbles some strange words.
The wall shatters!
The blast of rock fragments hits you!!
* * * LOW HITPOINT WARNING * * *
You closely miss Jorgrun. Your bite misses Jorgrun.
Jorgrun is severely wounded.
Jorgrun hits you with a +0 vorpal quarterstaff!
You die...

#........# #........#
#........######
#.............##########
......................
..... ##......######
#..# #[..###.# #
#####.@###...###.######
......>g......'.........
######.#......#########.
.....#....# #.
###.###.[..# #. #.
......# #. ######...# #.
#...# #. ##### #.


You could see Jorgrun.

Vanquished Creatures
  Harold (D:7)
  A boulder beetle (D:12)
  2 two-headed ogres
  An ugly thing (D:11)
  Joseph (D:8)
  2 gargoyles (D:12)
  3 kobold demonologists
  An unseen horror (D:11)
  3 trolls
  3 hornets
  3 yaks
  A shadow (D:12)
  A wraith (D:10)
  A basilisk (D:12)
  2 steam dragons (D:8)
  A warg (D:12)
  3 acid dragons
  An ice beast (D:6)
  13 orc warriors
  A sky beast (D:3)
  An ogre (D:6)
  3 necrophages
  3 centaurs
  3 kobold brigands
  2 bullfrogs
  2 gnoll sergeants (D:9)
  A wyvern zombie (D:7)
  A scorpion (D:6)
  A water moccasin skeleton (D:5)
  2 howler monkeys (D:9)
  3 wights (D:7)
  A crimson imp (D:8)
  A bullfrog zombie (D:5)
  5 centaur zombies
  4 hounds
  A bullfrog skeleton (D:4)
  4 jellies
  A human zombie (D:10)
  9 orc priests
  A centaur skeleton (D:4)
  2 gnoll shamans
  An iguana (D:6)
  5 orc wizards
  A killer bee zombie (D:5)
  2 howler monkey zombies
  21 gnolls
  8 adders
  4 white imps
  3 worms
  3 dart slugs
  38 orcs
  5 bats
  9 endoplasms
  6 giant cockroaches
  6 goblins
  13 hobgoblins
  10 jackals
  4 quokkas
  6 ball pythons
  4 frilled lizards
  37 kobolds
  7 rats
289 creatures vanquished.

Vanquished Creatures (others)
  A goblin (Bailey)
  A kobold (D:3)
  3 fungi (D:7)
  A plant (D:7)
6 creatures vanquished.

Grand Total: 295 creatures vanquished

Notes
Turn   | Place    | Note
-------+----------+-------------------------------------------
     0 | D:1      | frimble the Gnoll Wanderer began the quest for the Orb.
     0 | D:1      | frimble set off with the following items: a +0 hand
                  | crossbow, 26 bolts, a +0 robe; and the following spells
                  | available to memorise: Summon Small Mammal, Passwall,
                  | Sandblast, Summon Guardian Golem, Stone Arrow, Petrify
     0 | D:1      | Reached XP level 1. HP: 17/17 MP: 1/1
    28 | D:1      | Found a faded altar of an unknown god.
    48 | D:1      | Reached XP level 2. HP: 23/23 MP: 2/2
   195 | D:1      | Found Saesch's Antique Armour Shop.
   347 | D:1      | Reached XP level 3. HP: 28/28 MP: 3/3
   859 | D:2      | Reached skill level 1 in Invocations
  1359 | D:3      | Noticed a sky beast
  1410 | D:3      | Killed a sky beast
  1411 | D:3      | Reached skill level 1 in Short Blades
  1411 | D:3      | Reached skill level 1 in Long Blades
  1411 | D:3      | Reached skill level 1 in Axes
  1411 | D:3      | Reached skill level 1 in Maces & Flails
  1411 | D:3      | Reached skill level 1 in Polearms
  1411 | D:3      | Reached skill level 1 in Staves
  1411 | D:3      | Reached skill level 1 in Slings
  1411 | D:3      | Reached skill level 1 in Bows
  1411 | D:3      | Reached skill level 1 in Armour
  1411 | D:3      | Reached skill level 1 in Dodging
  1411 | D:3      | Reached skill level 1 in Shields
  1411 | D:3      | Reached skill level 1 in Unarmed Combat
  1411 | D:3      | Reached skill level 1 in Spellcasting
  1411 | D:3      | Reached skill level 1 in Conjurations
  1411 | D:3      | Reached skill level 1 in Hexes
  1411 | D:3      | Reached skill level 1 in Necromancy
  1411 | D:3      | Reached skill level 1 in Translocations
  1411 | D:3      | Reached skill level 1 in Fire Magic
  1411 | D:3      | Reached skill level 1 in Ice Magic
  1411 | D:3      | Reached skill level 1 in Air Magic
  1411 | D:3      | Reached skill level 1 in Earth Magic
  1411 | D:3      | Reached skill level 1 in Poison Magic
  1411 | D:3      | Reached skill level 1 in Evocations
  1411 | D:3      | Reached XP level 4. HP: 34/34 MP: 4/6
  1411 | D:3      | Reached XP level 5. HP: 40/40 MP: 4/7
  2086 | D:2      | Identified a scroll of acquirement
  2086 | D:2      | Acquired the +3 buckler of Ejapue {rElec Regen+ Str+6
                  | Int-5}
  2805 | D:4      | Reached XP level 6. HP: 42/45 MP: 8/8
  2835 | D:4      | Noticed a necrophage
  2848 | D:4      | Killed a necrophage
  2995 | D:4      | Acquired a book of Sloth
  3061 | D:4      | HP: 1/47 [gnoll (3)]
  3092 | D:4      | Acquired a +2 pair of gloves of dexterity
  3116 | D:4      | Reached XP level 7. HP: 50/52 MP: 10/10
  3221 | D:4      | Found a bloodstained altar of Trog.
  3383 | D:4      | Found a sparkling altar of Nemelex Xobeh.
  3579 | D:4      | Found a staircase to the Ecumenical Temple.
  3916 | Temple   | Entered the Ecumenical Temple
  4148 | D:5      | Entered Level 5 of the Dungeon
  4406 | D:5      | Found an iron altar of Okawaru.
  4536 | D:5      | Reached skill level 9 in Crossbows
  4902 | D:6      | Reached XP level 8. HP: 60/60 MP: 12/12
  5690 | D:7      | Learned a level 2 spell: Passwall
  5748 | D:7      | Found a stormy altar of Qazlal.
  5793 | D:7      | Found a snail-covered altar of Cheibriados.
  5808 | D:7      | Became a worshipper of Cheibriados the Contemplative
  5887 | D:7      | Noticed Harold
  5938 | D:7      | Killed Harold
  5939 | D:7      | Reached skill level 5 in Fighting
  5939 | D:7      | Reached skill level 5 in Throwing
  5939 | D:7      | Reached skill level 5 in Transmutations
  5939 | D:7      | Reached XP level 9. HP: 29/68 MP: 13/15
  6062 | D:7      | Reached skill level 5 in Stealth
  6156 | D:7      | Found Cuopp's Hallowed Reliquary.
  6167 | D:7      | Noticed an angel
  6176 | D:7      | Bought a potion of heal wounds for 75 gold pieces
  6176 | D:7      | Bought a potion of heal wounds for 75 gold pieces
  6300 | D:7      | Found a runed translucent gate.
  6300 | D:7      | Found a runed translucent gate.
  6300 | D:7      | Noticed thedisplayname's ghost (novice DrTm)
  6301 | D:7      | Found a runed translucent gate.
  6459 | D:8      | Noticed a hornet
  6470 | D:8      | Killed a hornet
  6613 | D:8      | Reached skill level 5 in Invocations
  6648 | D:8      | Found a hazy altar of Hepliaklqana.
  6688 | D:8      | Noticed Joseph
  6762 | D:9      | Noticed a troll
  6781 | D:9      | Killed a troll
  6782 | D:9      | Reached XP level 10. HP: 64/74 MP: 17/17
  6810 | D:9      | Noticed a kobold demonologist
  6839 | D:9      | Reached * piety under Cheibriados
  6850 | D:9      | Killed a kobold demonologist
  6851 | D:9      | Reached skill level 5 in Short Blades
  6851 | D:9      | Reached skill level 5 in Long Blades
  6851 | D:9      | Reached skill level 5 in Axes
  6851 | D:9      | Reached skill level 5 in Maces & Flails
  6851 | D:9      | Reached skill level 5 in Polearms
  6851 | D:9      | Reached skill level 5 in Staves
  6851 | D:9      | Reached skill level 5 in Slings
  6851 | D:9      | Reached skill level 5 in Bows
  6851 | D:9      | Reached skill level 5 in Armour
  6851 | D:9      | Reached skill level 5 in Dodging
  6851 | D:9      | Reached skill level 5 in Shields
  6851 | D:9      | Reached skill level 5 in Unarmed Combat
  6851 | D:9      | Reached skill level 5 in Spellcasting
  6851 | D:9      | Reached skill level 5 in Evocations
  7001 | D:9      | Noticed a two-headed ogre
  7014 | D:9      | Killed a two-headed ogre
  7015 | D:9      | Reached skill level 10 in Crossbows
  7196 | D:9      | Reached skill level 5 in Summonings
  7390 | D:9      | Reached ** piety under Cheibriados
  7495 | D:10     | Entered Level 10 of the Dungeon
  7581 | D:9      | Noticed a kobold demonologist
  7595 | D:9      | Killed a kobold demonologist
  7979 | D:8      | Found a shimmering altar of Xom.
  7979 | D:8      | Found a burning altar of Makhleb.
  8051 | D:8      | Killed Joseph
  8075 | D:8      | Identified the +3 quarterstaff "Xilom" {vamp, Dex+3}
  8184 | D:10     | Reached XP level 11. HP: 83/83 MP: 19/19
  8738 | D:10     | Found a staircase to the Lair.
  8928 | D:10     | Found an ancient bone altar of Kikubaaqudgha.
  9064 | D:10     | Reached skill level 5 in Conjurations
  9064 | D:10     | Reached skill level 5 in Hexes
  9064 | D:10     | Reached skill level 5 in Necromancy
  9064 | D:10     | Reached skill level 5 in Translocations
  9064 | D:10     | Reached skill level 5 in Fire Magic
  9064 | D:10     | Reached skill level 5 in Ice Magic
  9064 | D:10     | Reached skill level 5 in Air Magic
  9064 | D:10     | Reached skill level 5 in Earth Magic
  9064 | D:10     | Reached skill level 5 in Poison Magic
  9262 | D:11     | Found a flagged portal.
  9270 | Bailey   | Entered a bailey
  9317 | Bailey   | Reached *** piety under Cheibriados
  9474 | Bailey   | Identified the +1 chain mail of Haunted the Good {+Blink
                  | Regen+}
  9719 | D:11     | Noticed a red ugly thing
  9726 | D:11     | Killed a red ugly thing
  9946 | D:11     | Noticed a sixfirhy
 10457 | D:12     | Reached **** piety under Cheibriados
 10476 | D:12     | Noticed a two-headed ogre
 10477 | D:12     | Found a staircase to the Orcish Mines.
 10505 | D:12     | Killed a two-headed ogre
 10695 | D:12     | Noticed a boulder beetle
 10713 | D:12     | Killed a boulder beetle
 10921 | D:12     | Noticed Jorgrun
 10936 | D:12     | Slain by Jorgrun

Illustrated notes

Levels and vault maps discovered:
D:1:      minmay_arrival_four_loops, layout_loops_ring, serial_shops, shop,
          hellmonk_ecumenical_altar_arch_garden
D:2:      layout_basic, minmay_tetromino_s4
D:3:      layout_loops_corners, amcnicky_mini_rare_corridor_liquid,
          small_statue_intersection, lemuel_old_faithful
D:4:      layout_basic, mainiacjoe_overflow_paths, nemelex_spade_bored_becter,
          minmay_temple_entry_trees, hangedman_decor_peaks_small,
          minmay_surrounded
D:5:      layout_cave_pools, mainiacjoe_overflow_boulevard
D:6:      layout_loops_cross
D:7:      layout_rooms, grunt_qazlal_sundering, cheibrodos_worm_habitat,
          gammafunk_ghost_nasty_kobolds, nicolae_good_shop, uniq_harold
D:8:      layout_rooms, grunt_temple_overflow_champion_of_chaos,
          kennysheep_mini_moat, minmay_sticks_and_stones
D:9:      layout_roguey, corexii_corridor_pit, statue_in_the_mist_lemuel
D:10:     layout_stronghold, lemuel_mausoleum_altar_kikubaaqudgha,
          lair_entry_dummy
D:11:     layout_basic, enter_bailey_2
D:12:     layout_basic, erik_orc_4, grunt_ministairs_12, uniq_jorgrun
Temple:   nicolae_temple_figure_eight

Skill      XL: |  1  2  3  4  5  6  7  8  9 10 11 |
---------------+----------------------------------+-----
Summonings     | 2 3 4 5 6 |  6.0
Invocations    | 1 2 3 4 5 6 7 |  7.4
Short Blades   | 1 2 4 5 6 |  6.7
Long Blades    | 1 2 4 5 6 |  6.7
Axes           | 1 2 4 5 6 |  6.7
Maces & Flails | 1 2 4 5 6 |  6.7
Polearms       | 1 2 4 5 6 |  6.7
Staves         | 1 2 4 5 6 |  6.7
Slings         | 1 2 4 5 6 |  6.7
Bows           | 1 2 4 5 6 |  6.7
Armour         | 1 2 4 5 6 |  6.7
Dodging        | 1 2 4 5 6 |  6.7
Shields        | 1 2 4 5 6 |  6.7
Unarmed Combat | 1 2 4 5 6 |  6.7
Spellcasting   | 1 2 4 5 6 |  6.7
Conjurations   | 1 2 3 4 5 |  5.6
Hexes          | 1 2 3 4 5 |  5.6
Necromancy     | 1 2 3 4 5 |  5.6
Translocations | 1 2 3 4 5 |  5.6
Fire Magic     | 1 2 3 4 5 |  5.6
Ice Magic      | 1 2 3 4 5 |  5.6
Air Magic      | 1 2 3 4 5 |  5.6
Earth Magic    | 1 2 3 4 5 |  5.6
Poison Magic   | 1 2 3 4 5 |  5.6
Evocations     | 1 2 4 5 6 |  6.7
Fighting       | 3 5 6 7 |  7.3
Throwing       | 3 5 6 7 |  7.3
Transmutations | 4 5 6 |  6.9
Stealth        | 3 4 5 6 7 |  7.2
Crossbows      | 9 10 | 10.8

Action                   |  1- 3 |  4- 6 |  7- 9 | 10-12 || total
-------------------------+-------+-------+-------+-------++-------
Melee: Whip              |    19 |   164 |   393 |   120 ||   696
       Bite              |     1 |    13 |    44 |    88 ||   146
       Long sword        |       |       |       |   197 ||   197
       Scimitar          |       |       |       |    51 ||    51
 Fire: Hand crossbow     |    68 |    13 |    35 |   124 ||   240
Throw: Dart              |       |     9 |       |    13 ||    22
       Throwing net      |       |     1 |     1 |       ||     2
 Cast: Passwall          |       |       |     3 |     7 ||    10
Invok: Slouch            |       |       |       |     2 ||     2
Evoke: Wand              |       |       |     8 |    10 ||    18
  Use: Scroll            |     4 |     3 |     7 |    15 ||    29
       Potion            |       |       |     6 |     6 ||    12
 Stab: Sleeping          |     1 |     5 |     8 |     3 ||    17
       Distracted        |       |     1 |       |     1 ||     2
       Paralysed         |       |       |    11 |    12 ||    23
       Invisible         |       |       |       |    15 ||    15
Armor: Robe              |     1 |    21 |    59 |    39 ||   120
       Skin              |       |       |    17 |       ||    17
       Chain mail        |       |       |       |    79 ||    79
Dodge: Dodged            |    20 |    88 |   203 |   283 ||   594
Block: Buckler           |       |    31 |   146 |   247 ||   424
       Rpst.: Long sword |       |       |       |    41 ||    41
       Scimitar          |       |       |       |    11 ||    11

Table legend: (Time is in decaauts)
 A = Elapsed time spent in this place.
 B = Non-inter-level travel time spent in this place.
 C = Inter-level travel time spent in this place.
 D = Time resting spent in this place.
 E = Time spent auto-exploring this place.
 F = Levels seen in this place.
 G = Mean time per level.
                   A        B        C        D        E       F      G
               +--------+--------+--------+--------+--------+-----+--------+
         Total |  12915 |  12116 |    799 |     47 |   9035 |  14 |  922.5 |
       Dungeon |  12328 |  11542 |    786 |     31 |   8731 |  12 | 1027.3 |
        Temple |    219 |    207 |     12 |      0 |    207 |   1 |  219.0 |
        Bailey |    367 |    367 |      0 |     16 |     96 |   1 |  367.0 |
               +--------+--------+--------+--------+--------+-----+--------+

Top non-repeatable levels by time:
    D:10: 1540 daAuts
    D:11: 1370 daAuts
     D:4: 1208 daAuts
     D:9: 1197 daAuts
     D:3: 1064 daAuts
     D:8: 974 daAuts
     D:7: 966 daAuts
     D:2: 874 daAuts
    D:12: 869 daAuts
     D:6: 840 daAuts
     D:1: 799 daAuts
     D:5: 624 daAuts
  Bailey: 367 daAuts
  Temple: 219 daAuts
